 Dungeon Crawl Stone Soup version 0.30-a0-1053-gbd8d5ba0ad (webtiles) character file.

Game seed: 6166118767369800083

1 Esekla the Sneak (level 1, -2/16 HPs)
             Began as an Octopode Delver on Apr 11, 2023.
             Slain by an ufetubus (3 damage)
             ... on level 5 of the Dungeon.
             The game lasted 00:01:35 (71 turns).

Esekla the Sneak (Octopode Delver)                    Turns: 71, Time: 00:01:35

Health: -2/16      AC:  1    Str: 11    XL:     1   Next: 20%
Magic:  1/1        EV: 13    Int: 12    God:
Gold:   17         SH:  0    Dex: 13    Spells: 0/0 levels left

rFire   . . .      SeeInvis .    a - +0 falchion
rCold   . . .      Faith    .    (no shield)
rNeg    . . .      Spirit   .    (helmet restricted)
rPois   .          Reflect  .    (no amulet)
rElec   .          Rampage  .    (no ring)
rCorr   .                        (no ring)
Will    .....                    (no ring)
Stlth   ++++                     (no ring)
HPRegen 0.22/turn                (no ring)
MPRegen 0.07/turn                (no ring)
                                 (no ring)
                                 (no ring)

@: hasted, very quick
A: almost no armour, amphibious, 8 rings, camouflage 1, gelatinous body 1,
(nimble swimmer 1), tentacles
a: no special abilities


You were on level 5 of the Dungeon.
You visited 1 branch of the dungeon, and saw 1 of its levels.

You collected 17 gold pieces.

Inventory:

Hand Weapons
 a - a +0 falchion (weapon)
Wands
 f - a wand of digging (3)
Scrolls
 b - a scroll of fog
 d - a scroll of fear


   Skills:
 * Level 3.0 Fighting
 * Level 2.0 Long Blades
 * Level 2.0 Dodging
 + Level 6.6 Stealth


You couldn't memorise any spells.
You didn't know any spells.
Your spell library was empty.

Dungeon Overview and Level Annotations

Branches:
Dungeon (5/15)             Temple (0/1) D:5

Altars:


Innate Abilities, Weirdness & Mutations

You cannot wear most types of armour.
You are amphibious.
You can wear up to eight rings at the same time.
Your skin changes colour to match your surroundings (Stealth+).
Your rubbery body absorbs attacks. (AC +1, EV +1)
((You are camouflaged when in or above water. (Stealth+)))
You have tentacles for arms and can constrict up to eight enemies at once.


Message History

The kobold brigand throws a curare-tipped dart.
The curare-tipped dart hits you.
You are poisoned.
You have difficulty breathing.
You feel yourself slow down.
You feel very sick.
Found a club.
You feel sick.
You feel yourself speed up.
You feel sick.
Found 5 stones.
You hear the slow hiss of a distant avalanche of sand.
You feel sick.
You feel sick.
You feel sick.
You are no longer poisoned.
Found 7 gold pieces.
The phantom attacks as you move away! The phantom closely misses you.
You feel yourself speed up.
The kobold brigand throws a curare-tipped dart.
The curare-tipped dart barely misses you.
The phantom barely misses you.
You see here 7 gold pieces.
You now have 17 gold pieces (gained 7).
Found 4 stones.
An ufetubus comes into view.
The ufetubus shouts!
The ufetubus barely misses you.
The ufetubus hits you but does no damage.
You barely miss the ufetubus. You grab the ufetubus.
You constrict the ufetubus, but do no damage.
The ufetubus hits you.
* * * LOW HITPOINT WARNING * * *
The ufetubus hits you.
* * * LOW HITPOINT WARNING * * *
You hit the ufetubus but do no damage.
You constrict the ufetubus, but do no damage.
The ufetubus closely misses you. The ufetubus hits you.
* * * LOW HITPOINT WARNING * * *
You hit the ufetubus but do no damage. You constrict the ufetubus.
The ufetubus barely misses you. The ufetubus misses you.
The ufetubus closely misses you. The ufetubus hits you.
You die...

#..###..........**#..#
##.K# ##.....,**,,#...,
*#...# *#...#****.....,
#.##.# *#..# *...##,,
###*#.# *..# **.5.****
#.#*#.# **,***,,,,,* *
*#..#W# *,,*,,**,,***
*#...#######...,***,,,*,
##...#@.......,* *,,,,,
##.W5....####,****,,,,
**#......## **,,**,,,,
*#........# *,,>,,,,,
#...(....## **,,,,,,,
#........# *,,,,,,,,
##...#...#******,,*,,***
##.##....,,,,,,****,,,,
##,......*,,,,* **,,,,


You could see a phantom and an ufetubus.

Vanquished Creatures
  A kobold (D:5)
1 creature vanquished.

Notes
Turn   | Place    | Note
-------+----------+-------------------------------------------
     0 | D:5      | Esekla the Octopode Delver began the quest for the Orb.
     0 | D:5      | Reached XP level 1. HP: 16/16 MP: 1/1
    24 | D:5      | Noticed a phantom
    27 | D:5      | Noticed a kobold brigand
    71 | D:5      | Slain by an ufetubus

Illustrated notes

Levels and vault maps discovered:
D:5:      due_chaos_kobolds, layout_layer_cave,
          riverfiend_overflow_shadow_ancestor, lemuel_temple_firewalk_b,
          chequers_ossuary_entry_cave

Action                     || total
---------------------------++-------
  Melee: Falchion          ||     5
         Constrict         ||     2
    Use: Scroll            ||     1
         Potion            ||     1
 Armour: Skin              ||     2
  Dodge: Dodged            ||     8

Table legend: (Time is in decaauts)
 A = Elapsed time spent in this place.
 B = Non-inter-level travel time spent in this place.
 C = Inter-level travel time spent in this place.
 D = Time resting spent in this place.
 E = Time spent auto-exploring this place.
 F = Levels seen in this place.
 G = Mean time per level.
                   A        B        C        D        E       F      G
               +--------+--------+--------+--------+--------+-----+--------+
         Total |     68 |     68 |      0 |      0 |      0 |   1 |   68.0 |
       Dungeon |     68 |     68 |      0 |      0 |      0 |   1 |   68.0 |
               +--------+--------+--------+--------+--------+-----+--------+

Top non-repeatable levels by time:
     D:5: 68 daAuts
